AoeStats
← ATABEY

Socotra

506130963Analyzed
4v4 RM · 21d ago on Sep 12, 2026· 26m 57s· 8 players
Game mode
Random Map
Map size
148×148
Population
200
Speed
Normal
Resources
Standard
Victory
Conquest
Starting age
Dark Age
Ending age
Imperial Age
RankedLock teamsTeams togetherTeam positionsShared explorationLock speedFull tech treeHidden civsTurbo modeCheats
Victory
Defeat
🇨🇳 Vietnamese · China
1584
+15
🇨🇳 Japanese · China
1578
+15
🇨🇳 Burgundians · China
1535
+17
🇦🇷 Berbers · Argentina
1431
+20
🇹🇷 Poles · Türkiye
1604
-20
🇨🇳 Celts · China
1577
-18
🇹🇷 Bulgarians · Türkiye
1518
-15
🇨🇳 Maya · China
1491
-14
Houraisan Kaguya
3:37 Double-Bit Axe
6:49 Loom
9:17 Feudal Age
8:38 Horse Collar
11:20 Bow Saw
15:24 Scale Barding Armor
16:52 Forging
18:00 Wheelbarrow
20:05 Town Watch
22:36 Castle Age
21:54 Gold Mining
22:08 Heavy Plow
23:33 Gold Shaft Mining
22:47 Light Cavalry
23:28 Husbandry
23:49 Chain Barding Armor
23:20 Cavalier
26:02 Hand Cart
26:23 Town Patrol
26:39 Hand Cart
26:30 Stone Mining
巨大豚
5:11 Loom
9:00 Feudal Age
11:12 Double-Bit Axe
11:31 Fletching
24:24 Castle Age
22:37 Horse Collar
24:00 Gold Mining
24:54 Padded Archer Armor
25:03 Bodkin Arrow
24:38 Crossbowman
26:41 Bow Saw
Coriandrum sativum
3:40 Loom
8:57 Feudal Age
11:10 Fletching
15:58 Double-Bit Axe
21:49 Castle Age
20:39 Padded Archer Armor
20:22 Horse Collar
21:50 Crossbowman
22:35 Bodkin Arrow
24:03 Ballistics
27:40 Wheelbarrow
YiTiaoQu
6:14 Loom
8:54 Feudal Age
9:38 Double-Bit Axe
15:36 Horse Collar
16:16 Scale Barding Armor
20:56 Wheelbarrow
21:00 Bloodlines
21:58 Forging
22:41 Forging
25:26 Castle Age
24:18 Gold Mining
25:29 Light Cavalry
26:32 Chain Barding Armor
26:21 Husbandry
27:36 Iron Casting
hoot
0:27 Loom
17:06 Feudal Age
24:46 Castle Age
23:20 Horse Collar
23:30 Double-Bit Axe
24:22 Fletching
25:27 Bodkin Arrow
ATABEY
7:04 Loom
9:22 Feudal Age
14:59 Horse Collar
15:46 Double-Bit Axe
24:04 Castle Age
23:10 Scale Barding Armor
Kanyaga
6:13 Loom
8:38 Feudal Age
15:29 Double-Bit Axe
18:41 Fletching
19:34 Wheelbarrow
20:35 Scale Mail Armor
23:46 Castle Age
22:10 Scale Mail Armor
Bo Zhi Shang
7:06 Loom
9:27 Feudal Age
12:49 Double-Bit Axe
25:13 Castle Age
22:59 Horse Collar
24:45 Scale Barding Armor
24:51 Forging
25:29 Gold Mining
26:25 Chain Barding Armor
26:45 Husbandry
Connection lost

Rejoining the realm…

Still unreachable

The connection could not be restored.

Session expired

The server has moved on; the page needs a fresh start.